 Dungeon Crawl Stone Soup version 0.32-a0-12-g7fc57aa741 (webtiles) character file.

Game seed: 13556489185862267229

399 quinnr the Conjurer (level 6, -8/30 (32) HPs)
             Began as a Tengu Air Elementalist on Jan 14, 2024.
             Mangled by a hell rat (17 damage)
             ... in a sewer.
             The game lasted 00:06:45 (3860 turns).

quinnr the Conjurer (Tengu Air Elementalist)        Turns: 3860, Time: 00:06:46

HP:   -8/30 (32)    AC:  2    Str:  8    XL:     6   Next: 84%
MP:   4/11          EV: 27    Int: 18    God:
Gold: 63            SH:  0    Dex: 14    Spells: 5/11 levels left

rFire   . . .        g - staff of conjuration {!a}
rCold   . . .        (no shield)
rNeg    . . .        a - +0 robe
rPois   .            (helmet restricted)
rElec   .            (no cloak)
rCorr   .            (no gloves)
SInv    .            (boots unavailable)
Will    .....        (no amulet)
Stlth   +            (no ring)
HPRegen 0.25/turn    (no ring)
MPRegen 0.12/turn

%: acrobat
@: swift (expiring), acrobatic, very slightly contaminated, drained, slow
A: beak, talons 3, acrobatic
a: no special abilities


You were in a sewer.
You visited 1 branch of the dungeon, and saw 4 of its levels.
You also visited: Sewer.

You collected 63 gold pieces.


Innate Abilities, Weirdness & Mutations

You have a beak for a mouth.
You have claws for feet.
You can magically evade attacks while moving or waiting.


   Skills:
 - Level 2.1 Dodging
 - Level 2.0 Stealth
 - Level 3.0 Spellcasting
 + Level 7.5 Conjurations
 + Level 5.3 Air Magic
 + Level 0.0 Evocations


You had 5 spell levels left.
You knew the following spells:

 Your Spells              Type           Power      Damage    Failure   Level
i - Swiftness             Air            21%        N/A       5%          3
t - Static Discharge      Conj/Air       76%        3-7/arc   1%          2
z - Shock                 Conj/Air       100%       1d9       1%          1

Your spell library contained the following spells:

 Spells                   Type           Power      Damage    Failure   Level
 Airstrike                Air            10%        2d(2-18)  19%         4

Inventory:

Armour
 a - a +0 robe (worn)
Magical Staves
 g - a staff of conjuration (weapon) {!a}
 k - the staff "Tuimnuj" {^Fragile rF+ Fire Ice Earth, !a}
   (You found it on level 3 of the Dungeon)

   [staff of earth]

   Base accuracy: +5 Base damage: 5 Base attack delay: 1.2 This weapon's minimum
   attack delay (0.6) is reached at skill level 12.
   rF+:       It protects you from fire.
   ^Fragile:  It will be destroyed if unequipped.
   Fire:      It increases the power of your Fire spells.
   Ice:       It increases the power of your Ice spells.
   Earth:     It increases the power of your Earth spells.
   It falls into the 'Staves' category.
   It is a one-handed weapon.
 m - a staff of death {!a}
Wands
 l - a wand of flame (15)
 n - a wand of roots (3)
Scrolls
 b - a scroll of blinking {unknown}
 d - a scroll of teleportation {@r2}
 h - a scroll of amnesia {unknown}
 j - a scroll of fear {unknown}
Potions
 c - 2 potions of curing {@q1}
 e - 2 potions of haste {@q3}
 f - 5 potions of degeneration
 i - a potion of attraction
 o - a potion of magic

Dungeon Overview and Level Annotations

Branches:
Dungeon (4/15)              Sewer (1/1)
 Temple: D:4-7

Altars:

#~.▒▒~~?▒▒~.#
#.~▒.~~??▒~~#
#~.'~r~?∩▒∩∩#
#~~▒ ▒~.#
#~~▒▒ ▒▒~~#
#.~~▒ ▒~.~#
##~~▒▒ ▒▒~~##
#.~.▒▒▒~~~#
##...~r@.##
#~~~~~~~#
###.†.###
#####


You could see a hell rat.


Message History

Casting: Shock (safe; 1% risk of failure)
Confirm with . or Enter, or press ? or * to list all spells.
You feel a surge of power!
You miscast Static Discharge.
You are very lightly contaminated with residual magic.
Nothing appears to happen.
The hell rat bites you.
You feel drained.
Unknown command.
Unknown command.
Unknown command.
Casting: Static Discharge (safe; 1% risk of failure)
Confirm with . or Enter, or press ? or * to list all spells.
You feel a surge of power!
The hell rat is struck by an arc of lightning.
The hell rat is moderately wounded.
You are struck by an arc of lightning.
The lightning grounds out.
The hell rat bites you!
* * * LOW HITPOINT WARNING * * *
You feel drained.
* * * LOW HITPOINT WARNING * * *
Unknown command.
Unknown command.
Unknown command.
Okay, then.
Okay, then.
Okay, then.
You enter the shallow water.
Moving in this stuff is going to be slow.
You start to feel a little slower.
The hell rat attacks as it pursues you! The hell rat bites you!
Ouch! That really hurt!
You die...

Skill      XL: |  1  2  3  4  5  6 |
---------------+-------------------+-----
Conjurations   | 2 3 4 7 |  7.5
Spellcasting   | 3 |  3.0
Air Magic      | 5 |  5.3
Dodging        | |  2.1
Stealth        | |  2.0

Action                     |  1- 3 |  4- 6 || total
---------------------------+-------+-------++-------
  Melee: Staff             |     2 |    11 ||    13
         Peck              |     1 |     3 ||     4
   Cast: Shock             |    62 |    79 ||   141
         Static Discharge  |     2 |     5 ||     7
         Swiftness         |       |     1 ||     1
    Use: Scroll            |     4 |     3 ||     7
         Potion            |     1 |     1 ||     2
   Stab: Sleeping          |       |     1 ||     1
 Armour: Robe              |    14 |    21 ||    35
         Skin              |     2 |     8 ||    10
  Dodge: Dodged            |    16 |    10 ||    26

Levels and vault maps discovered:
D:1:      lemuel_arrival_rhombus, layout_loops_ring, minmay_distorted
D:2:      layout_basic, uniq_robin
D:3:      layout_basic, uniq_sigmund
D:4:      layout_rooms, temple_green, gup_sewer_entry_spiral,
          minmay_manual_monstrance, uniq_natasha, uniq_eustachio, uniq_menkaure
Sewer:    sewer_hellmonk_bad_rat

Notes
Turn   | Place    | Note
-------+----------+-------------------------------------------
     0 | D:1      | quinnr the Tengu Air Elementalist began the quest for the
                  | Orb.
     0 | D:1      | Reached XP level 1. HP: 10/10 MP: 4/4
   170 | D:1      | Reached XP level 2. HP: 15/15 MP: 3/6
   265 | D:1      | Reached skill level 2 in Conjurations
   795 | D:2      | Noticed Robin
   801 | D:2      | Reached XP level 3. HP: 19/19 MP: 3/7
   888 | D:1      | Learned a level 2 spell: Static Discharge
   892 | D:1      | Learned a level 3 spell: Swiftness
  1489 | D:2      | Reached skill level 3 in Conjurations
  1516 | D:2      | Reached XP level 4. HP: 6/24 MP: 0/9
  1524 | D:2      | Killed Robin
  1694 | D:2      | Reached skill level 3 in Spellcasting
  2437 | D:3      | Reached skill level 4 in Conjurations
  2785 | D:3      | Reached XP level 5. HP: 28/28 MP: 3/10
  2892 | D:3      | Identified the staff "Tuimnuj" {^Fragile rF+ Fire Ice
                  | Earth}
  2896 | D:3      | Noticed Sigmund
  2902 | D:3      | Killed Sigmund
  2903 | D:3      | Reached skill level 7 in Conjurations
  2903 | D:3      | Reached XP level 6. HP: 4/32 MP: 6/11
  3570 | D:4      | Reached skill level 5 in Air Magic
  3725 | D:4      | Found a glowing drain.
  3734 | Sewer    | Entered a sewer
  3860 | Sewer    | Mangled by a hell rat

Vanquished Creatures
  Sigmund (D:3)
  A bombardier beetle (D:3)
  An orc priest (D:4)
  A hound (D:4)
  Robin (D:2)
  3 adders
  2 river rats (D:4)
  A ribbon worm (D:4)
  5 dart slugs
  7 ball pythons
  5 bats
  8 endoplasms
  11 goblins
  8 hobgoblins
  2 jackals (D:3)
  3 kobolds
  5 quokkas
  4 frilled lizards
  16 rats
85 creatures vanquished.

Table legend: (Time is in decaauts)
 A = Elapsed time spent in this place.
 B = Non-inter-level travel time spent in this place.
 C = Inter-level travel time spent in this place.
 D = Time resting spent in this place.
 E = Time spent auto-exploring this place.
 F = Levels seen in this place.
 G = Mean time per level.
                   A        B        C        D        E       F      G
               +--------+--------+--------+--------+--------+-----+--------+
         Total |   3897 |   3721 |    176 |    294 |   2896 |   5 |  779.4 |
       Dungeon |   3756 |   3580 |    176 |    247 |   2851 |   4 |  939.0 |
         Sewer |    140 |    140 |      0 |     47 |     45 |   1 |  140.0 |
               +--------+--------+--------+--------+--------+-----+--------+

Top non-repeatable levels by time:
     D:2: 1339 daAuts
     D:3: 1145 daAuts
     D:1: 1077 daAuts
     D:4: 194 daAuts
   Sewer: 140 daAuts

Table legend:
 A = Non-vault XP
 B = Vault XP
 C = Vault XP percentage of total XP
 D = Non-vault monster count
 E = Vault monster count
 F = Vault count percentage of total count
                 A         B        C        D         E       F
            +---------+---------+-------+---------+---------+-------
      Total |     268 |     303 |  53.1 |      56 |      29 |  34.1
            +---------+---------+-------+---------+---------+-------
        D:1 |      35 |       2 |   5.4 |      18 |       1 |   5.3
        D:2 |      55 |      37 |  40.2 |      19 |      12 |  38.7
        D:3 |      88 |     223 |  71.7 |      16 |       1 |   5.9
        D:4 |      90 |      34 |  27.4 |       3 |       8 |  72.7
      Sewer |       0 |       7 | 100.0 |       0 |       7 | 100.0
            +---------+---------+-------+---------+---------+-------

Levels and vault maps discovered:
D:1:      lemuel_arrival_rhombus, layout_loops_ring, minmay_distorted
D:2:      layout_basic, uniq_robin
D:3:      layout_basic, uniq_sigmund
D:4:      layout_rooms, temple_green, gup_sewer_entry_spiral,
          minmay_manual_monstrance, uniq_natasha, uniq_eustachio, uniq_menkaure
Sewer:    sewer_hellmonk_bad_rat
